[Event "*** Qualifier 3: Titled Tuesday 3|2 Blitz"]
[Site "Chess.com"]
[Date "2017.04.18"]
[Round "3"]
[White "FearNoEvil12"]
[Black "Wolverine_master"]
[Result "1-0"]
[WhiteElo "2108"]
[BlackElo "1970"]
[TimeControl "180+2"]
[EndTime "13:39:59 PDT"]
[Termination "FearNoEvil12 won by resignation"]

1. e4 c5 2. Nc3 g6 3. f4 Bg7 4.
Nf3 d6 5. Bc4 Nc6 6. f5 Nf6 7.
d3 a6 8. a4 Bd7 9. O-O O-O 10.
Qe1 e6 11. fxg6 hxg6 12. Qh4 Nd4 13. Ng5 Re8 14. Be3 Nxc2 15. Rxf6 Qxf6 16. Rf1 Qxf1+ 17. Kxf1 Nxe3+ 18. Ke2 Nxc4 19. dxc4 b5 20. cxb5 axb5 21.
axb5 Rab8 22. Qf4 f6 23. Nf3 d5 24. Qc7 Bxb5+ 25. Kf2 Bc4 26. Qxc5 Rxb2+ 27. Kg3 dxe4 28.
Nxe4 Bd5 29. Nd6 Reb8 30. Qc7 Rf8 31. Qc3 f5 32. Qe3 Rb3 33. Qg5 Bxf3 34. gxf3 Be5+ 35. Kh3 Bxd6 36. Qxg6+ Kh8 37. Qh6+ Kg8 38. Qxe6+ Kh8 39. Qxb3 Kg7 40. Qe6 Ba3 41. Qe5+ Kg6 42. f4 Rf7 43.
Kg2 Re7 44. Qa5 Bc1 45. Qb6+ Kh7 46. Qb5 Rg7+ 47. Kf3 Rf7 48. Qc4 1-0

[Event "*** Qualifier 3: Titled Tuesday 3|2 Blitz"]
[Site "Chess.com"]
[Date "2017.04.18"]
[Round "3"]
[White "Gabix_94"]
[Black "Infernal_XaM"]
[Result "1-0"]
[WhiteElo "2527"]
[BlackElo "2710"]
[TimeControl "180+2"]
[EndTime "13:40:05 PDT"]
[Termination "Gabix_94 won by resignation"]

1. e4 g6 2. d4 Bg7 3. Nf3 d5 4.
exd5 Qxd5 5. Nc3 Qd6 6. h3 a6 7.
g3 Nf6 8. Bg2 O-O 9. O-O c5 10.
Bf4 Qb6 11. Na4 Qb5 12. b3 cxd4 13. Nxd4 Qa5 14. Qe1 Qd8 15. Rd1 Nbd7 16. Qb4 e5 17. Nf5 gxf5 18. Bxe5 a5 19. Qb5 Qe7 20. Bf4 Qb4 21. Qxf5 Nb6 22. Qg5 Nxa4 23. Bd6 h6 24. Qc1 Nc5 25. Qe3 Re8 26. Qxc5 Qxc5 27. Bxc5 Ra6 28.
c4 a4 29. b4 Rae6 30. Rd2 Re2 31. Rfd1 Rxd2 32. Rxd2 Be6 33. Bxb7 Bxc4 34. Bc6 Re1+ 35. Kh2 Ne4 36. Rd8+ Kh7 37. Be3 f5 38. b5 Bxa2 39.
b6 Rb1 40. b7 Be5 41. Bf4 Bxf4 42. gxf4 a3 43. b8=Q Rxb8 44. Rxb8 Be6 45. Ra8 a2 46. Bxe4 fxe4 47. f5 Bf7 48. Kg3 Kg7 49. Kf4 Bd5 50. Ra6 Kf7 51. Ke5 Bb3 52. Ra7+ Kf8 53. Kxe4 h5 54.
h4 Ke8 55. Ke5 Kf8 56. Kf6 Ke8 57. Ra3 Bc4 58. f4 Kd7 59. Kg7 Kd6 60. f6 1-0

[Event "*** Qualifier 3: Titled Tuesday 3|2 Blitz"]
[Site "Chess.com"]
[Date "2017.04.18"]
[Round "3"]
[White "Sebastian"]
[Black "Konavets"]
[Result "1-0"]
[WhiteElo "2656"]
[BlackElo "2603"]
[TimeControl "180+2"]
[EndTime "13:40:07 PDT"]
[Termination "Sebastian won by resignation"]

1. e4 e5 2. Nf3 Nc6 3. Bb5 a6 4. Ba4 Nf6 5. O-O d6 6. Bxc6+ bxc6 7.
d4 Be7 8. Nc3 exd4 9. Nxd4 Bd7 10. Re1 O-O 11. h3 c5 12. Nb3 Re8 13. Bf4 Bf8 14. Qf3 Rb8 15. e5 dxe5 16. Bxe5 c4 17.
Na5 Rxb2 18. Nd5 Nxd5 19. Bxb2 Rxe1+ 20. Rxe1 Bb4 21. Rd1 c3 22. Bc1 c6 23. Nc4 Be6 24.
a3 Bc5 25. Be3 Bf8 26. Bd4 Qh4 27. Ne3 Bxa3 28. Nxd5 Bxd5 29. Qxc3 Bf8 30. Re1 Qg5 31. f3 Be6 32. Qe3 Qd5 33. Rb1 Qd6 34. Kh1 h6 35. Be5 Qc5 36. Qxc5 Bxc5 37. Rb8+ Kh7 38. Ra8 Bc4 39. Rc8 Bb5 40. c4 Ba4 41. Ra8 f6 42. Bc7 Bb3 43. Rxa6 Kg6 44. Rxc6 Bd4 45. Bg3 h5 46. h4 Kf5 47. c5 g5 48. Rb6 Bd5 49. Rb4 Bc3 50. Rb6 g4 51. c6 gxf3 52. gxf3 Bxf3+ 53. Kh2 Bd4 54. c7 Bxb6 55. c8=Q+ Kg6 56. Qc2+ Kg7 57.
Qb3 1-0

[Event "*** Qualifier 3: Titled Tuesday 3|2 Blitz"]
[Site "Chess.com"]
[Date "2017.04.18"]
[Round "3"]
[White "troisi"]
[Black "hsskoo"]
[Result "0-1"]
[WhiteElo "1355"]
[BlackElo "1960"]
[TimeControl "180+2"]
[EndTime "13:40:07 PDT"]
[Termination "hsskoo won by checkmate"]

1. e4 e6 2. d4 b6 3. Nc3 Bb7 4. Bd3 d5 5. Nge2 Nf6 6. e5 Nfd7 7. f4 c5 8. Bb5 a6 9. Bxd7+ Nxd7 10. Be3 Qh4+ 11.
g3 Qh3 12. Qd2 b5 13. O-O-O Be7 14. dxc5 Nxc5 15. Nd4 b4 16. Nb1 Ne4 17. Qe2 Rc8 18. Nf3 O-O 19. Ng1 Qf5 20. g4 Qg6 21. h4 Ng3 22.
Qg2 Nxh1 23. h5 d4 24. hxg6 Bxg2 25. gxh7+ Kxh7 26. Bxd4 Ng3 27. Rd2 Be4 28. Rh2+ Kg8 29. c3 a5 30. Ne2 Nxe2+ 31. Rxe2 Bxb1 32. Kxb1 Rfd8 33. Rd2 bxc3 34. bxc3 Ba3 35. Kc2 Rb8 36. Kd3 Rb2 37. Rd1 Rxa2 38. Ke4 a4 39. Kf3 Bc5 40. Ke4 Bxd4 41. cxd4 a3 42. f5 Rb2 43. fxe6 fxe6 44. Kf4 a2 45. Ra1 Rxd4+ 46. Kg5 Ra4 47. Kh5 Rb1 48. g5 Rxa1 49. Kg6 Rf1 50. Kh5 Ra7 51. Kg6 a1=Q 52. Kh5 Qxe5 53. Kg6 Qf5+ 54. Kh5 g6+ 55. Kh6 Rh7# 0-1

[Event "*** Qualifier 3: Titled Tuesday 3|2 Blitz"]
[Site "Chess.com"]
[Date "2017.04.18"]
[Round "3"]
[White "Rock700chess"]
[Black "RaphaeI"]
[Result "0-1"]
[WhiteElo "2218"]
[BlackElo "2380"]
[TimeControl "180+2"]
[EndTime "13:40:07 PDT"]
[Termination "RaphaeI won by resignation"]

1. d4 Nf6 2. c4 e6 3. Nc3 Bb4 4. a3 Bxc3+ 5. bxc3 c5 6. e3 b6 7. Nf3 Ba6 8. Bd3 Nc6 9. O-O Na5 10. Qe2 Rc8 11. d5 d6 12. e4 e5 13. Nd2 h6 14. f4 exf4 15. Rxf4 O-O 16. Nf3 Nb3 17. Rb1 Nxc1 18. Rxc1 Qe7 19. a4 Rce8 20. Nd2 Nd7 21. Rcf1 Ne5 22. Nf3 f6 23. Nh4 Bc8 24. Bc2 g5 25. Nf5 Bxf5 26. Rxf5 Kg7 27. h4 Ng6 28. hxg5 hxg5 29. Qf3 Nh4 30. Qg4 Nxf5 31. Rxf5 Rh8 32.
e5 dxe5 33. Qe4 Qf7 34. Rf3 Rh4 35. Qf5 e4 36. Re3 Rf4 37. Qh3 Rh8 38. Qe6 Qxe6 39. dxe6 Re8 40. g3 Rf3 41. Rxe4 Rxg3+ 42. Kf2 Rxc3 0-1

[Event "*** Qualifier 3: Titled Tuesday 3|2 Blitz"]
[Site "Chess.com"]
[Date "2017.04.18"]
[Round "3"]
[White "MatBobula"]
[Black "Kacparov"]
[Result "0-1"]
[WhiteElo "2330"]
[BlackElo "2604"]
[TimeControl "180+2"]
[EndTime "13:40:08 PDT"]
[Termination "Kacparov won by resignation"]

1. d4 d6 2. c4 e5 3. Nc3 exd4 4. Qxd4 Nc6 5. Qd2 g6 6. b3 Bg7 7. Bb2 Nf6 8. e4 a5 9. Bd3 O-O 10. Nge2 Re8 11. O-O a4 12. Rad1 axb3 13. axb3 h5 14. Bb1 Kh7 15. Nd5 Nxd5 16. exd5 Bxb2 17. Qxb2 Ne5 18.
Ng3 h4 19. Ne4 Bf5 20. h3 Bxe4 21. Bxe4 f5 22. Bc2 Qf6 23. Rb1 Kg7 24. f4 Nd7 25.
Qxf6+ Nxf6 26. Ra1 Nh5 27. Kf2 Nxf4 28. Kf3 Nh5 29.
Rfe1 Rxa1 30. Rxa1 Re7 31. b4 b6 32. Ra7 Nf6 33.
Kf4 Kh6 34. Ra8 Nh5+ 35. Kf3 Kg5 36. Ra7 Kf6 37. Rb7 Ng3 38. Bd3 Ke5 39. Ra7 Kd4 40. c5 bxc5 41. bxc5 Kxc5 42. Kf4 Ne4 43. Bxe4 fxe4 0-1

[Event "*** Qualifier 3: Titled Tuesday 3|2 Blitz"]
[Site "Chess.com"]
[Date "2017.04.18"]
[Round "3"]
[White "Keranke"]
[Black "Cryptochess"]
[Result "1-0"]
[WhiteElo "2635"]
[BlackElo "2454"]
[TimeControl "180+2"]
[EndTime "13:40:10 PDT"]
[Termination "Keranke won by resignation"]

1. d4 Nf6 2. Nf3 e6 3. Bf4 d5 4. e3 c5 5. Nc3 Bd6 6. Ne5 O-O 7. Be2 Nc6 8. Nxc6 bxc6 9. Bxd6 Qxd6 10. Na4 cxd4 11. exd4 e5 12. dxe5 Qxe5 13. O-O Re8 14. Re1 Bf5 15. c3 Qf4 16. Nc5 Re7 17. Qd4 Qd6 18. Bf3 Rae8 19. Rxe7 Rxe7 20. b4 h5 21. h3 Bg6 22. a4 Qc7 23. c4 dxc4 24. Qxc4 a5 25. bxa5 Qxa5 26. Nb3 Qe5 27. Rc1 Ne4 28.
Qxc6 Ng5 29. Bd5 Be4 30. Bxe4 Nxe4 31. Re1 Re6 32. Qc8+ Re8 33. Qc2 Qf4 34. Nc5 f5 35. Nxe4 fxe4 36. Re3 Kh7 37. a5 Qf5 38. a6 Re7 39.
Qc6 Re6 40. Qd7 Qe5 41. a7 Qa1+ 42. Kh2 Ra6 43. Qf5+ Kh6 44. Qf4+ g5 45. Qf8+ Kg6 46. Rxe4 Qg7 47. a8=Q 1-0

[Event "*** Qualifier 3: Titled Tuesday 3|2 Blitz"]
[Site "Chess.com"]
[Date "2017.04.18"]
[Round "3"]
[White "GianmarcoVaR"]
[Black "Astaneh"]
[Result "0-1"]
[WhiteElo "2463"]
[BlackElo "2501"]
[TimeControl "180+2"]
[EndTime "13:40:14 PDT"]
[Termination "Astaneh won by resignation"]

1. d4 d5 2. Nf3 Nf6 3. c4 c6 4. e3 Bf5 5. Nc3 e6 6. Nh4 Bg6 7. Be2 Nbd7 8. O-O Ne4 9. Nxg6 Nxc3 10.
bxc3 hxg6 11. cxd5 Qh4 12. h3 exd5 13. c4 Nf6 14.
Qb3 O-O-O 15. Rb1 Rd7 16. cxd5 Nxd5 17. a4 a5 18. Bd2 Bb4 19. Bxb4 Nxb4 20. Qc3 Qg5 21.
e4 Re8 22. d5 Rxe4 23. Bf3 Qe5 24. Qc1 Rxd5 25. Bxe4 Qxe4 26. Qc3 Qd4 27. Qf3 Rf5 28. Qg3 Qd3 29. Qh4 Qd8 30. Qg4 Qd7 31. Rfe1 Rd5 32. Qh4 Rh5 33. Qc4 Rd5 34. Re3 Kc7 35. Qf4+ Kb6 36.
Rbe1 Rd1 37. Rxd1 Qxd1+ 38. Kh2 Nd5 39. Qf3 Nxe3 40. Qxe3+ Kc7 41. Qe5+ Qd6 42. f4 Qxe5 43. fxe5 Kd7 44. Kg3 Ke6 45. Kf4 b5 46. axb5 cxb5 47.
Ke4 a4 48. Kd4 a3 49. Kc3 b4+ 50. Kb3 Kxe5 51. Kxb4 a2 52. Ka3 a1=Q+ 53. Kb3 Qd4 0-1

[Event "*** Qualifier 3: Titled Tuesday 3|2 Blitz"]
[Site "Chess.com"]
[Date "2017.04.18"]
[Round "3"]
[White "DiogenesSinopeus"]
[Black "chessdude"]
[Result "1-0"]
[WhiteElo "2286"]
[BlackElo "2397"]
[TimeControl "180+2"]
[EndTime "13:40:15 PDT"]
[Termination "DiogenesSinopeus won by resignation"]

1. d4 Nf6 2. c4 e6 3. Nc3 Bb4 4.
e3 O-O 5. Bd3 d5 6. a3 Bxc3+ 7.
bxc3 dxc4 8. Bxc4 c5 9. Ne2 Qc7 10. Bd3 b6 11. O-O Bb7 12. f3 Nbd7 13. e4 e5 14. d5 c4 15. Bc2 Nc5 16. Bg5 Qd6 17.
Qe1 h6 18. Be3 Ne8 19. Ng3 Bc8 20. f4 Nd3 21. Bxd3 cxd3 22. fxe5 Qxe5 23. Bd4 Qg5 24. Rd1 Nd6 25. e5 Nc4 26. Rxd3 Bd7 27. Ne4 Qe7 28. Rg3 Kh8 29. e6 f6 30. exd7 Qxd7 31.
Qe2 Rae8 32. Qxc4 Rxe4 33. Re3 Rfe8 34. Rxe4 Rxe4 35. Rd1 Qg4 36. Qf1 Re2 37. h3 Rxg2+ 38. Qxg2 Qxd1+ 39. Kh2 Qh5 40. d6 Qf5 41. Qc6 Qf4+ 42.
Kg2 Qd2+ 43. Kf3 Qd3+ 44. Kf2 Qd2+ 45. Kf3 Qd3+ 46. Be3 Qf5+ 47. Ke2 Qc2+ 48. Bd2 Qf5 49. d7 Qe5+ 50. Be3 Qh2+ 51. Kd3 Kh7 52. d8=Q f5 53. Qdd6 Qg2 54. Qxg2 1-0

[Event "*** Qualifier 3: Titled Tuesday 3|2 Blitz"]
[Site "Chess.com"]
[Date "2017.04.18"]
[Round "3"]
[White "rubhani"]
[Black "Goala"]
[Result "0-1"]
[WhiteElo "2361"]
[BlackElo "2362"]
[TimeControl "180+2"]
[EndTime "13:40:15 PDT"]
[Termination "Goala won by resignation"]

1. Nf3 Nf6 2. Nc3 c5 3. e4 d6 4. Bc4 e6 5. O-O a6 6. a4 b6 7. d3 Bb7 8. h3 Qc7 9. Nh2 Be7 10. Ng4 Nc6 11. Nxf6+ Bxf6 12. Ne2 O-O 13. Ng3 g6 14. f4 Bh4 15. Qg4 Bxg3 16. Qxg3 Nd4 17. Rf2 d5 18. Ba2 dxe4 19. dxe4 Bxe4 20. c3 Nf5 21. Qg4 Bd5 22. Bb1 Rfd8 23. Bd2 Bc4 24. Be4 Rac8 25. Re1 Bd5 26.
Bc2 b5 27. Qg5 Bc4 28. axb5 axb5 29. Bxf5 exf5 30. Be3 Bd3 31. Qh6 Be4 32. h4 Qe7 33. b4 cxb4 34. cxb4 Rd3 35. Bc5 Rxc5 36. bxc5 Qxc5 37.
Qg5 Rd2 38. Rf1 Kg7 39. Qg3 b4 40. h5 h6 41. hxg6 fxg6 42. Ra1 Qxf2+ 43. Qxf2 Rxf2 44. Kxf2 b3 45. Ra7+ Kh8 0-1

[Event "*** Qualifier 3: Titled Tuesday 3|2 Blitz"]
[Site "Chess.com"]
[Date "2017.04.18"]
[Round "3"]
[White "BogdanDeac"]
[Black "woodhy"]
[Result "1-0"]
[WhiteElo "2512"]
[BlackElo "2302"]
[TimeControl "180+2"]
[EndTime "13:40:21 PDT"]
[Termination "BogdanDeac won by resignation"]

1. d4 Nf6 2. Bf4 d6 3. Nc3 Nbd7 4. e4 e5 5. Bg3 Be7 6. Nf3 exd4 7. Nxd4 O-O 8. Be2 Nc5 9. Bf3 Re8 10. O-O Bf8 11. Re1 g6 12. e5 dxe5 13. Rxe5 Rxe5 14. Bxe5 Bg7 15. Ndb5 Bf5 16. Qxd8+ Rxd8 17. Bxc7 Rd2 18.
Rc1 Nfe4 19. Bf4 Nxc3 20. Bxd2 Nxb5 21. Be3 Bxb2 22. Rd1 Ne6 23. Bxb7 Nc3 24. Rd6 Nxa2 25. Bxa7 Bxc2 26. Bd5 Nc3 27. Bxe6 fxe6 28. Rxe6 Bf5 29. Rb6 Ne2+ 30. Kf1 Bd4 31. Rb8+ Kg7 32. Kxe2 Bxa7 33. Rb7+ Kf6 34. Rxa7 h5 35. f3 h4 36. Kf2 Kg5 37. g4 hxg3+ 38. hxg3 Kf6 39. g4 Be6 40. Kg3 g5 41. Ra6 Ke5 42. Ra5+ Kf6 43. f4 gxf4+ 44. Kxf4 Bc4 45. Rc5 Bb3 46. Rc6+ Kg7 47. Kg5 Bd5 48. Rc7+ Kh8 49. Kf6 Bg8 50. g5 Bd5 51. Rc8+ Bg8 52. Rxg8+ Kxg8 53. Kg6 Kh8 54. Kf7 Kh7 55. g6+ Kh6 56.
g7 Kg5 57. g8=Q+ Kf5 58. Qg6+ 1-0

[Event "*** Qualifier 3: Titled Tuesday 3|2 Blitz"]
[Site "Chess.com"]
[Date "2017.04.18"]
[Round "3"]
[White "Enzy63"]
[Black "cailinchetty"]
[Result "1-0"]
[WhiteElo "2061"]
[BlackElo "1935"]
[TimeControl "180+2"]
[EndTime "13:40:25 PDT"]
[Termination "Enzy63 won by resignation"]

1. d4 Nf6 2. Nf3 g6 3. c4 Bg7 4. g3 d6 5. Bg2 O-O 6. O-O Nbd7 7. Nc3 e5 8. e4 Ne8 9. b3 c6 10. Be3 Qc7 11. Qc2 Nef6 12. h3 exd4 13. Nxd4 Re8 14.
Rfe1 Nc5 15. f3 Nfd7 16. Rad1 Ne5 17. f4 Ned7 18. Bf2 Nf6 19. Qd2 Bf8 20. g4 h5 21.
g5 Nfd7 22. Bg3 Nb6 23. Kh1 Bg7 24. Nde2 Rd8 25. Bf2 Be6 26. Bd4 Bxd4 27. Qxd4 Qd7 28. Kh2 Qe7 29. Ng3 h4 30. Nf1 Rd7 31. Ne3 Rad8 32. f5 Qxg5 33. fxe6 Nxe6 34. Qd2 Qg3+ 35. Kh1 Nf4 36. Nf1 Qg5 37. Qf2 Kh7 38. Ne2 Nxe2 39.
Rxe2 Re7 40. Red2 Nc8 41. Qe3 Qh5 42. Qf3 Qe5 43. Ne3 Rde8 44. Ng4 Qg5 45. Nf6+ Kg7 46.
Nxe8+ Rxe8 47. Rf2 f6 48. Rdf1 Re6 49. Qf4 Qh5 50.
Bf3 Qh8 51. Bg4 g5 52. Qf3 f5 53. Qxf5 1-0

[Event "*** Qualifier 3: Titled Tuesday 3|2 Blitz"]
[Site "Chess.com"]
[Date "2017.04.18"]
[Round "3"]
[White "Robin-Side"]
[Black "ChristopherYoo"]
[Result "0-1"]
[WhiteElo "2318"]
[BlackElo "2264"]
[TimeControl "180+2"]
[EndTime "13:40:26 PDT"]
[Termination "ChristopherYoo won by resignation"]

1. e4 c5 2. Nf3 d6 3. d4 cxd4 4.
Nxd4 Nf6 5. Nc3 a6 6. Be2 e6 7. O-O Be7 8. Kh1 b5 9. a3 Bb7 10. Bd3 O-O 11. f4 Qc7 12. Be3 Nbd7 13. Qe1 Rfe8 14. Qg3 Bf8 15. Rae1 e5 16. Nf5 exf4 17. Bxf4 Ne5 18. Bg5 Nh5 19. Qh3 g6 20. Nh6+ Bxh6 21. Bxh6 Bc8 22. Qh4 Ng4 23. Nd5 Qb7 24. h3 Nxh6 25.
g4 Be6 26. gxh5 Bxd5 27. hxg6 fxg6 28. Qxh6 Bxe4+ 29. Bxe4 Rxe4 30. Rxe4 Qxe4+ 31. Kg1 Qd4+ 32. Kh1 Qe4+ 33. Kg1 Qxc2 34. Qe3 Qc5 35. Qxc5 dxc5 36. Rf6 c4 37. Rc6 Ra7 38. Kg2 Kf7 39. Kg3 Ke7 40. Kf4 Kd7 41. Rc5 Rc7 42. Rd5+ Ke6 43. Re5+ Kf6 44. Rd5 Rc6 45. h4 h6 46. Rd8 Ke7 47. Rh8 Kf7 48. Rxh6 Kg7 0-1

[Event "*** Qualifier 3: Titled Tuesday 3|2 Blitz"]
[Site "Chess.com"]
[Date "2017.04.18"]
[Round "3"]
[White "A-Fier"]
[Black "Paralinch"]
[Result "1-0"]
[WhiteElo "2520"]
[BlackElo "2684"]
[TimeControl "180+2"]
[EndTime "13:40:30 PDT"]
[Termination "A-Fier won by resignation"]

1. d4 d5 2. c4 dxc4 3. e4 e5 4. Nf3 exd4 5. Bxc4 Bb4+ 6. Nbd2 Nc6 7. O-O Nf6 8. e5 Nd5 9. Qb3 Na5 10. Qa4+ Bd7 11. Qc2 Nxc4 12. Qxc4 Bxd2 13. Bxd2 Nb6 14. Qc5 Bc6 15. Nxd4 Qd5 16. Qxd5 Bxd5 17. Nb5 Kd7 18.
Be3 Nc4 19. Bd4 Bc6 20. Nxa7 Rxa7 21. Bxa7 b6 22. Rfd1+ Kc8 23. Rdc1 Bd5 24. b3 Nxe5 25. Bxb6 c6 26. Bd4 Nd3 27. Rd1 Nf4 28. Be5 Ng6 29.
Bxg7 Rg8 30. Bf6 Nf4 31. g3 Rg6 32. Be5 Nh3+ 33. Kf1 Ng5 34. Rac1 Kb7 35. Rxd5 cxd5 36. Kg2 Ne6 37. f4 f5 38. b4 Rg8 39. a4 d4 40. Kf3 Rd8 41. Ke2 h5 42. Kd3 h4 43.
gxh4 Rg8 44. b5 Rg4 45. a5 Rxh4 46. Rc6 Rh3+ 47. Kc4 Rh6 48. a6+ Ka7 49. Bxd4+ Kb8 50. a7+ Kb7 51. Rb6+ 1-0

[Event "*** Qualifier 3: Titled Tuesday 3|2 Blitz"]
[Site "Chess.com"]
[Date "2017.04.18"]
[Round "3"]
[White "gmcorrales"]
[Black "RobertoJBM"]
[Result "0-1"]
[WhiteElo "2601"]
[BlackElo "2418"]
[TimeControl "180+2"]
[EndTime "13:40:30 PDT"]
[Termination "RobertoJBM won on time"]

1. g3 d5 2. Bg2 c6 3. Nf3 Bg4 4. O-O Nd7 5. d4 e6 6. b3 Bd6 7. c4 Qe7 8. Nc3 Ngf6 9. Bg5 h6 10. Bxf6 Nxf6 11. e3 Ne4 12. Qc2 Nxc3 13. Qxc3 Bxf3 14.
Bxf3 O-O 15. c5 Bc7 16. b4 e5 17. Rab1 a6 18. a4 e4 19. Bg2 f5 20. b5 axb5 21.
axb5 g5 22. bxc6 bxc6 23. Rb7 Rf7 24. Ra1 Rxa1+ 25. Qxa1 f4 26. Qa8+ Kg7 27. Qc8 fxe3 28. fxe3 Qf6 29. Kh1 Qf2 30. Rb1 Qxe3 31. Qe6 Qd3 32.
Rg1 Qxd4 33. Qxc6 Ba5 34. Qb5 Bb4 35. c6 Bc5 36. Rb1 Bd6 37. Qe2 Bc7 38. Qe1 Qe5 39.
Rc1 Re7 40. Qe2 d4 41. Rf1 d3 42. Qf2 Kh7 43. Qf8 Qe6 44. Bxe4+ Qxe4+ 45. Kg1 Bb6+ 46.
Rf2 Qe1+ 47. Kg2 Qxf2+ 48. Qxf2 Bxf2 49. Kxf2 Rc7 50. Ke3 Rxc6 51. Kxd3 Ra6 52. Ke4 Ra2 53.
h4 Rh2 0-1

[Event "*** Qualifier 3: Titled Tuesday 3|2 Blitz"]
[Site "Chess.com"]
[Date "2017.04.18"]
[Round "3"]
[White "Sanan_Sjugirov"]
[Black "Vamostodorecto"]
[Result "1-0"]
[WhiteElo "2659"]
[BlackElo "2382"]
[TimeControl "180+2"]
[EndTime "13:40:32 PDT"]
[Termination "Sanan_Sjugirov won by resignation"]

1. d4 d5 2. Nf3 Nc6 3. Bf4 Bg4 4. e3 e6 5. Nbd2 Bd6 6. Bg3 Nge7 7.
c4 O-O 8. Be2 a6 9. O-O Nf5 10.
Bxd6 Qxd6 11. h3 Bxf3 12. Nxf3 f6 13. Rc1 Rad8 14. Qc2 Nfe7 15. a3 dxc4 16. Bxc4 Kh8 17. Bd3 e5 18. Rfd1 exd4 19. exd4 g6 20. Be4 Nd5 21. Qb3 Na5 22. Qxd5 Qxd5 23. Bxd5 Rxd5 24. Rxc7 Kg8 25. Re1 Rf7 26. Re8+ Kg7 27. Ree7 Rxe7 28. Rxe7+ Kh6 29. g4 b5 30. h4 Nc6 31. Re4 f5 32.
gxf5 Rxf5 33. Kg2 Rd5 34. b4 Kh5 35. Kg3 h6 36. Kf4 g5+ 37. hxg5 hxg5+ 38. Ke3 a5 39.
Re6 Nd8 40. Re5 Rxe5+ 41. Nxe5 axb4 42. axb4 g4 43. d5 Kg5 44. Ke4 Nb7 45. Nd3 Nd6+ 46. Ke5 Nc4+ 47. Ke6 g3 48. fxg3 Kg4 49. d6 Nb6 50. d7 Nxd7 51. Kxd7 Kxg3 52. Kc6 1-0

[Event "*** Qualifier 3: Titled Tuesday 3|2 Blitz"]
[Site "Chess.com"]
[Date "2017.04.18"]
[Round "3"]
[White "PHOENIXME"]
[Black "chesstatour"]
[Result "1-0"]
[WhiteElo "1917"]
[BlackElo "1956"]
[TimeControl "180+2"]
[EndTime "13:40:32 PDT"]
[Termination "PHOENIXME won on time"]

1. e4 c6 2. d4 d5 3. e5 c5 4. c3 Nc6 5. h3 Bf5 6. Nf3 e6 7. Be2 Nge7 8. O-O Nc8 9. Nbd2 Qb6 10. Nb3 c4 11. Nbd2 h6 12. Re1 Be7 13. Nf1 Qc7 14. Ng3 Bg6 15. Nh2 Nb6 16. Bh5 Bxh5 17. Nxh5 g6 18.
Ng3 O-O-O 19. Qf3 Rdf8 20. Ng4 h5 21. Nf6 Bxf6 22. exf6 h4 23. Nf1 Rh5 24. Ne3 Nd7 25. Ng4 Rf5 26. Qe2 Nxf6 27. Bh6 Rg8 28. Nxf6 Rxf6 29.
Bg5 Rf5 30. Bxh4 Rh8 31. Bg3 Qe7 32. Qd2 g5 33. Re2 f6 34. Rae1 Nd8 35. Qc2 Qd7 36. Rxe6 Nxe6 37. Qxf5 Nd8 38. Qxf6 1-0

[Event "*** Qualifier 3: Titled Tuesday 3|2 Blitz"]
[Site "Chess.com"]
[Date "2017.04.18"]
[Round "3"]
[White "Grebeniuk-S"]
[Black "cheese111"]
[Result "1/2-1/2"]
[WhiteElo "2408"]
[BlackElo "2261"]
[TimeControl "180+2"]
[EndTime "13:40:43 PDT"]
[Termination "Game drawn by repetition"]

1. d4 Nf6 2. Nf3 g6 3. Bg5 Bg7 4. Nbd2 O-O 5. c3 d6 6. e4 c5 7. dxc5 dxc5 8. Qc2 Nc6 9. Bb5 Qc7 10. a4 Be6 11. O-O Rfd8 12. Rfe1 b6 13. Bh4 Nh5 14.
Bxc6 Qxc6 15. Bxe7 Rd7 16. Bh4 Nf4 17. Red1 h6 18.
Nf1 g5 19. Bg3 Rad8 20. Rxd7 Qxd7 21. a5 b5 22. Ne3 a6 23. Rd1 Nd3 24. Ne5 Bxe5 25.
Bxe5 c4 26. Bf6 Rc8 27. b4 Qb7 28. f3 Qa7 29. Bd4 Qe7 30. Rxd3 cxd3 31. Qxd3 Qd6 32.
g3 Rd8 33. Kf2 f6 34. Qe2 Kf7 35. Ng2 Qc6 36. h4 Re8 37. h5 Bc4 38. Qd2 f5 39. e5 Bd5 40. Qe3 Qe6 41. Ne1 Rc8 42.
Nd3 Kg8 43. Nc5 Qf7 44. e6 Qxh5 45. Qe5 Qxf3+ 46. Ke1 Qh1+ 47. Kd2 Qg2+ 48. Ke1 Qh1+ 49.
Ke2 Qf3+ 50. Kd2 Qg2+ 51. Kc1 Qh1+ 52. Kd2 Qg2+ 53. Ke1 Qh1+ 1/2-1/2

[Event "*** Qualifier 3: Titled Tuesday 3|2 Blitz"]
[Site "Chess.com"]
[Date "2017.04.18"]
[Round "3"]
[White "fastestmindalive"]
[Black "DryCounty"]
[Result "1-0"]
[WhiteElo "2411"]
[BlackElo "2463"]
[TimeControl "180+2"]
[EndTime "13:40:46 PDT"]
[Termination "fastestmindalive won by checkmate"]

1. e4 e5 2. Nf3 Nc6 3. Bb5 a6 4. Ba4 Nf6 5. O-O Nxe4 6. d4 b5 7. Bb3 d5 8. dxe5 Be6 9. Nbd2 Nc5 10. c3 Bg4 11. h3 Bh5 12. Bc2 Be7 13. Re1 O-O 14. Nb3 Ne6 15. Qd3 Bg6 16. Qe2 d4 17.
Bxg6 hxg6 18. Qe4 Qd7 19. Nfxd4 Nexd4 20. Nxd4 Nxd4 21. Qxd4 Qxd4 22. cxd4 Rfd8 23. Be3 Rd5 24. Rac1 c5 25. dxc5 Rc8 26. b4 Rxe5 27. Bd4 Rxe1+ 28. Rxe1 Bf8 29. a4 bxa4 30. Ra1 f6 31. Rxa4 Rc6 32. Kf1 Kf7 33. Ke2 Ke6 34. Kd3 Kd5 35. Ra5 Be7 36.
g4 Bd8 37. Ra1 Bc7 38. Re1 Bf4 39. Re7 Rc7 40. Re8 f5 41. Rd8+ Ke6 42. Kc4 Rf7 43. Ra8 fxg4 44. Rxa6+ Kf5 45. hxg4+ Kg5 46. b5 Re7 47. Kd3 Re1 48. Bxg7 Rd1+ 49. Ke2 Rd2+ 50.
Kf3 Rd3+ 51. Ke4 Rb3 52. f3 Rb4+ 53. Bd4 Bc1 54. Rd6 Rxb5 55. Rd5+ Kh4 56. c6 Rb8 57. c7 Rc8 58. Be5 Bg5 59. Rb5 Bd8 60. cxd8=Q+ Rxd8 61.
Bf6+ Kg3 62. Bxd8 g5 63. Bxg5 Kh2 64. Kf4 Kh1 65. Kg3 Kg1 66. Rb1# 1-0

[Event "*** Qualifier 3: Titled Tuesday 3|2 Blitz"]
[Site "Chess.com"]
[Date "2017.04.18"]
[Round "3"]
[White "ABDELAZEEZ-M"]
[Black "proxy6"]
[Result "1-0"]
[WhiteElo "2136"]
[BlackElo "2185"]
[TimeControl "180+2"]
[EndTime "13:40:49 PDT"]
[Termination "ABDELAZEEZ-M won on time"]

1. d4 Nf6 2. c4 e6 3. Nf3 d5 4. g3 Be7 5. Bg2 O-O 6. O-O dxc4 7. Qc2 a6 8. a4 Bd7 9. Qxc4 Bc6 10. Bg5 Nbd7 11.
Nc3 h6 12. Bxf6 Nxf6 13. Rfe1 Bd5 14. Qd3 c5 15. dxc5 Bxc5 16. Nxd5 Nxd5 17. Ne5 Qf6 18. Ng4 Qg5 19. Bf3 Rad8 20. h4 Qe7 21. Rac1 h5 22.
Ne5 Nf4 23. Qc4 Nh3+ 24. Kg2 Bxf2 25. Kxh3 Bxe1 26. Rxe1 Rc8 27. Qf4 g6 28. Qh6 Qf6 29. Nd7 Qf5+ 30. Kg2 Rfd8 31. Rd1 e5 32. e4 Qe6 33. Nc5 Qe7 34. Rxd8+ Rxd8 35. Qe3 Rc8 36. Nd3 Rc2+ 37. Be2 Qd6 38. Kf2 Kg7 39. Kf3 b5 40. axb5 axb5 41. b4 Rc3 42. Kf2 Rb3 43.
Qd2 Rb1 44. Qc2 Qd4+ 45. Kf3 Rh1 46. Qc5 1-0

[Event "*** Qualifier 3: Titled Tuesday 3|2 Blitz"]
[Site "Chess.com"]
[Date "2017.04.18"]
[Round "3"]
[White "GulamaliRises"]
[Black "JaimeSantosLatasa"]
[Result "1/2-1/2"]
[WhiteElo "2449"]
[BlackElo "2553"]
[TimeControl "180+2"]
[EndTime "13:41:04 PDT"]
[Termination "Game drawn by agreement"]

1. e4 e5 2. Nf3 Nc6 3. Bc4 Bc5 4.
O-O Nf6 5. d3 a6 6. a4 h6 7. c3 Ba7 8. h3 d6 9. Na3 g5 10. Be3 g4 11. Nh2 gxh3 12. g3 h5 13. Bg5 Rg8 14. Bh4 Bg4 15. Nxg4 Rxg4 16. Qf3 Rxh4 17. gxh4 Qe7 18. Qxh3 Ng4 19. Nc2 O-O-O 20. Ne3 Rg8 21. Kh1 Kb8 22. Nf5 Qf6 23. b4 Ne7 24.
Nxe7 Qxe7 25. Ra2 Qf6 26. f4 exf4 27. d4 Ne3 28. Qxe3 Qxh4+ 29. Rh2 Qxh2+ 30. Kxh2 fxe3 31. Rxf7 Re8 32. Kg2 a5 33. bxa5 h4 34. Kf3 d5 35.
Bxd5 e2 36. Kxe2 c6 37. Bc4 Rxe4+ 38. Kd3 Re8 39. a6 bxa6 40. Bxa6 Rh8 41. Rb7+ Ka8 42. Rb1 Rh7 43. Bc8 h3 44. Bf5 Rh6 45. Be4 h2 46.
Rh1 Bb8 47. Kc4 Ka7 48. Kc5 Kb7 49. a5 Rh5+ 50. Kc4 Rxa5 51. d5 cxd5+ 52. Bxd5+ Kc8 53. Kd4 Kd8 54. c4 Ba7+ 55. Ke4 Bg1 56.
Ke5 Kc7 57. Ke6 Ra3 58. Ke5 Re3+ 59. Kf4 Re7 60. Kf5 Kd6 61. Kf6 Re1 62. Kf5 Kc5 63. Kg6 Kd4 64. Kf5 Rf1+ 65. Ke6 Rc1 66. Kf5 Ke3 67. Ke6 Kf4 68. Kd7 Ke5 69. Kc6 Rb1 70. Kd7 Kf6 71. Kc6 Ke7 72. Bf3 Rb6+ 73. Kd5 Rf6 74. Be4 Rf4 75. c5 Kd7 76. c6+ Kc7 77. Ke5 Rf2 78. Kd5 Rd2+ 79. Ke5 Rd1 80. Ke6 Rd6+ 81.
Kf5 1/2-1/2